AoeStats
← Green Assassin

African Clearing

505425422Analyzed
4v4 RM · 22d ago on Sep 9, 2026· 45m 25s· 8 players
Game mode
Random Map
Map size
Large (8 player)
Population
200
Speed
Normal
Resources
Standard
Victory
Conquest
Starting age
Dark Age
Ending age
Imperial Age
RankedLock teamsTeams togetherTeam positionsShared explorationLock speedFull tech treeHidden civsTurbo modeCheats
Victory
Defeat
🇻🇳 Mongols · Vietnam
1377
+13
🇹🇼 Celts · Taiwan
1269
+17
🇨🇱 Magyars · Chile
1258
+29
🇫🇮 Franks · Finland
1254
+18
🇺🇸 Mongols · United States
1374
-19
🇦🇺 Chinese · Australia
1345
-18
🇦🇷 Spanish · Argentina
1314
-17
🇩🇪 Magyars · Germany
1177
-12
板橋伐木工
3:57 Loom
14:14 Feudal Age
20:05 Castle Age
19:21 Double-Bit Axe
23:06 Fletching
28:02 Bodkin Arrow
35:19 Scale Mail Armor
35:06 Gambesons
35:41 Bow Saw
35:13 Horse Collar
37:03 Forging
37:09 Chain Mail Armor
38:37 Iron Casting
38:59 Wheelbarrow
39:32 Arson
44:00 Gold Mining
_I_Me262_I_
5:27 Loom
12:37 Feudal Age
14:32 Double-Bit Axe
20:35 Wheelbarrow
23:50 Gold Mining
28:49 Castle Age
27:22 Stone Mining
30:26 Bow Saw
38:01 Scale Mail Armor
39:20 Forging
40:28 Hand Cart
41:36 Iron Casting
43:41 #83
44:29 Chain Mail Armor
45:12 Arson
45:54 Squires
La Apple
13:25 Feudal Age
12:59 Loom
14:37 Double-Bit Axe
18:04 Castle Age
21:32 Fletching
24:08 Bodkin Arrow
27:42 Wheelbarrow
32:22 Horse Collar
32:59 Bow Saw
36:38 Heavy Plow
36:39 Stone Mining
36:54 Gold Mining
37:43 Hand Cart
37:15 Town Watch
38:37 Ballistics
41:31 Imperial Age
39:48 Gold Shaft Mining
39:23 Husbandry
40:48 Hand Cart
41:20 Thumb Ring
41:16 Padded Archer Armor
41:31 Bloodlines
42:18 Elite Mangudai
43:24 Conscription
42:26 Heavy Cavalry Archer
43:08 Bracer
44:44 Chemistry
44:28 Parthian Tactics
44:20 Leather Archer Armor
bv403068
4:20 Loom
13:38 Feudal Age
17:25 Castle Age
15:57 Double-Bit Axe
16:39 Horse Collar
18:16 Scale Barding Armor
23:43 Bow Saw
27:50 Wheelbarrow
27:42 Bloodlines
31:01 Town Watch
32:00 Chain Barding Armor
32:31 Husbandry
34:02 Gold Mining
34:02 Stone Mining
34:54 Hand Cart
38:38 Imperial Age
36:11 Fletching
37:37 Ballistics
37:46 Heavy Plow
39:10 Gold Shaft Mining
38:42 Cavalier
40:02 Plate Barding Armor
40:07 Paladin
44:28 Two-Man Saw
MumMaple1148771
3:54 Loom
12:14 Feudal Age
15:48 Double-Bit Axe
19:09 Castle Age
17:17 Stone Mining
18:47 Fletching
18:58 Padded Archer Armor
19:16 Gold Mining
20:04 Bodkin Arrow
20:28 Bow Saw
25:38 Husbandry
26:49 Wheelbarrow
27:57 Leather Archer Armor
29:37 Bloodlines
29:31 Horse Collar
32:01 Ballistics
36:43 Heavy Plow
41:56 Gold Shaft Mining
44:39 Imperial Age
42:27 Hand Cart
Green Assassin
4:40 Loom
14:31 Feudal Age
23:42 Castle Age
24:10 Double-Bit Axe
30:53 Fletching
34:36 Fishing Lines
38:46 Ballistics
38:51 Bodkin Arrow
41:21 Wheelbarrow
42:44 Husbandry
42:55 Bloodlines
Franco Colapinto
5:41 Loom
13:12 Feudal Age
17:52 Castle Age
16:00 Stone Mining
17:06 Double-Bit Axe
22:04 Bow Saw
23:21 Fletching
29:41 Wheelbarrow
28:52 Town Watch
31:19 Horse Collar
35:25 Gold Mining
37:27 Heavy Plow
38:50 Stone Shaft Mining
39:31 Hand Cart
39:59 Town Patrol
43:58 Imperial Age
42:49 Bloodlines
42:40 Husbandry
42:47 Padded Archer Armor
43:22 Ballistics
44:23 Leather Archer Armor
44:16 Elite Conquistador
45:40 Ring Archer Armor
46:22 Two-Man Saw
45:54 Conscription
A2PL Okr010
3:45 Loom
11:59 Feudal Age
12:47 Double-Bit Axe
16:46 Fletching
23:28 Castle Age
25:22 Forging
26:05 Scale Mail Armor
31:33 Iron Casting
34:18 Bodkin Arrow
40:40 Imperial Age
38:47 Wheelbarrow
37:54 Horse Collar
38:45 Heavy Plow
38:37 Gold Mining
39:40 Padded Archer Armor
40:40 Hand Cart
40:37 Bow Saw
41:04 Gold Shaft Mining
41:07 Stone Mining
42:03 Conscription
41:45 Bracer
42:01 Chain Mail Armor
42:05 Squires
41:50 Arson
43:07 Blast Furnace
43:58 Two-Man Saw
43:38 Ballistics
43:40 Elite Fire Lancer
44:53 Plate Mail Armor
Connection lost

Rejoining the realm…

Still unreachable

The connection could not be restored.

Session expired

The server has moved on; the page needs a fresh start.